 Dungeon Crawl Stone Soup version 0.30-a0-672-gc3a7216ad8 (webtiles) character file.

Game seed: 18152311710173874882

93692 holysushi the Tortoise (level 17, -6/148 HPs)
             Began as a Meteoran Earth Elementalist on Jan 18, 2023.
             Was the Champion of Qazlal.
             Mangled by an Ice Fiend (14 damage)
             ... in an ice cave on Jan 19, 2023.
             The game lasted 01:10:38 (11174 turns).

holysushi the Tortoise (MeEE)                      Turns: 11174, Time: 01:10:39

Health: -6/148     AC: 17    Str: 12    XL:     17   Next: 12%
Magic:  28/28      EV: 35    Int: 18    God:    Qazlal [******]
Gold:   68         SH: 26    Dex: 20    Spells: 8/26 levels left

rFire   . . .      SeeInvis .    A - +1 eveningstar (freeze)
rCold   + . .      Faith    .    G - +1 kite shield {rC+}
rNeg    . . .      Spirit   .    z - +0 troll leather armour
rPois   .          Reflect  +    t - +2 helmet
rElec   .          Harm     .    I - +1 cloak
rCorr   .          Rampage  +    k - +0 pair of gloves
Will    ++...                    V - +0 pair of boots {rampage}
Stlth   +                        X - amulet of reflection
HPRegen 1.24/turn                h - ring of the Hare {EV+10}
MPRegen 0.21/turn                e - +5 ring of evasion

@: glowing, repel missiles, bezotted
A: sense surroundings 2, otherworldly, glowing, explore regen
a: Renounce Religion, Upheaval, Elemental Force, Disaster Area


You were in an ice cave.
You worshipped Qazlal.
Qazlal was exalted by your worship.
You visited 4 branches of the dungeon, and saw 22 of its levels.
You also visited: Ossuary and Ice Cave.

You collected 982 gold pieces.
You spent 914 gold pieces at shops.

Inventory:

Hand Weapons
 c - a +2 whip of electrocution
 n - a +1 dagger of venom
 y - a +5 mace
 A - a +1 eveningstar of freezing (weapon)
 O - the +3 short sword "Orb Guardian's Doom" {spect, *Rage +Blink rF+++ Dex+2}
   (You bought it in a shop on level 11 of the Dungeon)

   Dex:       It affects your dexterity (+2).
   rF:        It renders you almost immune to fire.
   +Blink:    It lets you blink.
   *Rage:     It berserks you when you make melee attacks (+20% chance).
 P - a +3 scimitar of flaming
Missiles
 j - 2 throwing nets
Armour
 a - a +0 robe
 k - a +0 pair of gloves (worn)
 t - a +2 helmet (worn)
 z - a +0 troll leather armour (worn)
 E - a +2 robe of willpower
 G - a +1 kite shield of cold resistance (worn)
 I - a +1 cloak (worn)
 M - a +3 scale mail
 N - a +2 plate armour of willpower
 V - a +0 pair of boots of rampaging (worn)
 Z - a +1 kite shield of protection
Magical Staves
 K - a staff of air
Jewellery
 d - a +6 ring of strength
 e - a +5 ring of evasion (right hand)
 f - a +6 ring of dexterity
 g - a ring of ice
 h - the ring of the Hare (left hand) {EV+10}
   (You found it on level 5 of the Dungeon)

   [ring of evasion]

   EV:        It affects your evasion (+10).
 o - a +6 ring of dexterity
 H - a ring of flight
 S - a ring of ice
 X - an amulet of reflection (around neck)
Wands
 l - a wand of flame (67)
 F - a wand of quicksilver (1)
 Q - a wand of paralysis (15)
 R - a wand of roots (11)
Scrolls
 p - 3 scrolls of fog
 w - 2 scrolls of immolation
 x - 2 scrolls of silence
 D - 12 scrolls of teleportation
 L - 2 scrolls of identify
 T - 3 scrolls of blinking
 U - a scroll of amnesia
Potions
 b - 3 potions of magic
 i - 3 potions of heal wounds
 m - a potion of might
 q - 3 potions of berserk rage
 r - 2 potions of mutation
 s - 4 potions of lignification
 u - 4 potions of attraction
 v - 5 potions of curing
 B - a potion of haste
 C - 3 potions of flight
 W - a potion of resistance
Miscellaneous
 J - a phantom mirror (inert)


   Skills:
 + Level 12.7 Fighting
 - Level 15.4 Maces & Flails
 - Level 17.0 Armour
 - Level 14.1 Dodging
 - Level 1.4 Stealth
 - Level 8.7 Shields
 - Level 5.0 Spellcasting
 - Level 1.2 Transmutations
 - Level 11.6 Earth Magic
 - Level 14.6 Invocations
 - Level 5.0 Evocations


You had 8 spell levels left.
You knew the following spells:

 Your Spells              Type           Power      Damage    Failure   Level
a - Sandblast             Erth           92%        2d19      1%          1
b - Passwall              Tmut/Erth      22%        N/A       4%          2
c - Petrify               Tmut/Erth      27%        N/A       26%         4
d - Lee's Rapid Deconstr  Erth           23%        3d13*     9%          5
e - Iron Shot             Conj/Erth      12%        9d3       99%         6

Your spell library contained the following spells:

 Spells                   Type           Power      Damage    Failure   Level
 Stone Arrow              Conj/Erth      50%        3d10      11%         3
 Wereblood                Tmut           8%         N/A       34%         2
 Foxfire                  Conj/Fire      16%        2x1d4     36%         1
 Freeze                   Ice            16%        1d4       36%         1
 Necrotise                Necr           16%        1d4       36%         1
 Shock                    Conj/Air       16%        1d4       36%         1
 Call Imp                 Summ           4%         N/A       50%         2
 Ensorcelled Hibernation  Hex/Ice        8%         N/A       50%         2
 Sublimation of Blood     Necr           4%         N/A       50%         2
 Kindle Blastsparks       Fire/Tloc/Air  8%         2d10      73%         3
 Swiftness                Air            4%         N/A       73%         3
 Tukima's Dance           Hex            4%         N/A       73%         3
 Vampiric Draining        Necr           4%         2d6       73%         3
 Fulminant Prism          Conj/Hex       2%         3d5       98%         4
 Iskenderun's Mystic Bla  Conj/Tloc      4%         2d3       98%         4
 Passage of Golubria      Tloc           4%         N/A       98%         4
 Summon Ice Beast         Ice/Summ       4%         N/A       98%         4
 Agony                    Necr           4%         N/A       100%        5
 Fireball                 Conj/Fire      2%         3d4       100%        5
 Freezing Cloud           Conj/Ice/Air   2%         6-21      100%        5
 Irradiate                Conj/Tmut      3%         3d12      100%        5
 Iskenderun's Battlesphe  Conj           4%         2d6       100%        5
 Lightning Bolt           Conj/Air       2%         1d13      100%        5
 Yara's Violent Unravell  Hex/Tmut       3%         3d4       100%        5
 Conjure Ball Lightning   Conj/Air       2%         3x3d6     100%        6
 Simulacrum               Ice/Necr       2%         N/A       100%        6
 Enfeeble                 Hex            2%         N/A       100%        7
 Monstrous Menagerie      Summ           2%         N/A       100%        7
 Orb of Destruction       Conj           2%         9d5       100%        7
 Spellforged Servitor     Conj/Summ      2%         N/A       100%        7
 Summon Hydra             Summ           2%         N/A       100%        7
 Polar Vortex             Ice            2%         N/A       100%        9


Dungeon Overview and Level Annotations

Branches:
Dungeon (12/15) Zot: 1946  Temple (1/1) D:6 Zot: 557    Lair (5/5) D:11 Zot: 337
 Shoals (0/4) Lair:2        Snake (4/4) Lair:2 Zot: 1305   Slime (0/5) Lair:4
Ossuary (visited)           IceCv (1/1) Zot: 69
    Orc: D:9-12

Altars:
Ashenzari
Cheibriados
Elyvilon
Fedhas
Gozag
Hepliaklqana
Kikubaaqudgha
Makhleb
Nemelex Xobeh
Okawaru
Qazlal
Ru
Sif Muna
Trog
Uskayaw
Vehumet
Wu Jian
Xom
Yredelemnul
Zin
The Shining One

Shops:
D:8 =   D:11 (   Snake:1 *((   Snake:2 =

Annotations:
D:1 1 transporter
D:4 1 runed translucent door
D:6 3 runed translucent doors, zazu2006's ghost, novice NaHW
Lair:1 exclusion: oklob plant
Lair:4 1 runed translucent door


Innate Abilities, Weirdness & Mutations

You passively map the area around you.
You are easily found by Zot.
You glow in the dark.
You regain HP and MP as you explore.


Message History

The ice devil hits your Ice Fiend. The ice devil freezes your Ice Fiend.
Your Ice Fiend completely resists.
You impale the Ice Fiend!!
The Ice Fiend is almost dead.
Your Ice Fiend claws the ice devil.
Your Ice Fiend freezes the ice devil.
The ice devil completely resists.
Your Ice Fiend claws the ice devil.
Your Ice Fiend freezes the ice devil.
The ice devil completely resists.
The Ice Fiend calls on the powers of darkness!
Your body is wracked with pain!
The ice devil hits your Ice Fiend! The ice devil freezes your Ice Fiend.
Your Ice Fiend completely resists.
You barely miss the Ice Fiend.
The Ice Fiend is almost dead.
Your Ice Fiend claws the ice devil but does no damage. x2
You block the Ice Fiend's attack. The Ice Fiend misses you.
The ice devil hits your Ice Fiend. The ice devil freezes your Ice Fiend.
Your Ice Fiend completely resists.
You sock the Ice Fiend!
The Ice Fiend is almost dead.
Your Ice Fiend shimmers and vanishes!
The Ice Fiend calls on the powers of darkness!
Your body is wracked with pain!
* * * LOW HITPOINT WARNING * * *
You closely miss the Ice Fiend.
The Ice Fiend is almost dead.
You hit the Ice Fiend.
The Ice Fiend is almost dead.
The Ice Fiend barely misses you. The Ice Fiend misses you.
You hit the Ice Fiend.
The Ice Fiend is almost dead.
The Ice Fiend gestures at you. The bolt of cold hits you!! You resist.
* * * LOW HITPOINT WARNING * * *
You block the ice devil's attack.
You barely miss the Ice Fiend.
The Ice Fiend is almost dead.
The Ice Fiend claws you!
* * * LOW HITPOINT WARNING * * *
The Ice Fiend freezes you! You resist.
You die...

⌠.#########...##...###
....#..#...##...##...###
##....#..##########....###
~~○#####..# ##.....#
~#~..# ..## ##....#
~†##...### ##...###
#.○##### ####...## ...○.§
,*** ##....### ☼....○.. ,
,#4@.##.# * .☼§°..°.#
#...1### #:# #☼○.☼°.##
##### * #$#, ##.#.○## *
#)#* *##### * ## * # ##
.##


You could see an Ice Fiend and an ice devil.

Vanquished Creatures
  Asterion (Snake:2)
  Kirke (Lair:4)
  A very ugly thing (IceCv)
  Snorg (Lair:4)
  Josephine (D:12)
  Fannar (Lair:1)
  2 hydras
  Erolcha (D:9)
  Erica (D:11)
  A caustic shrike simulacrum (IceCv)
  4 anacondas
  A boulder beetle (Lair:4)
  8 two-headed ogres
  3 naga warriors (Snake:2)
  Urug (Lair:4)
  4 shock serpents
  6 naga sharpshooters
  Nergalle (D:11)
  A salamander mystic (Snake:3)
  A wizard (D:9)
  A deep troll (Lair:3)
  2 spriggan simulacra (IceCv)
  4 naga ritualists
  Pikel (D:4)
  An obsidian statue (IceCv)
  3 mana vipers
  3 salamanders (Snake:2)
  An ugly thing (D:11)
  3 guardian serpents (Snake:2)
  3 merfolk sirens (Lair:2)
  15 elephants
  4 naga magi
  29 black mambas
  A gargoyle (D:12)
  3 rime drakes
  23 cane toads
  5 anaconda simulacra (IceCv)
  4 freezing wraiths
  6 ice devils (IceCv)
  5 komodo dragons
  3 meliai (Lair:4)
  A queen bee (Lair:4)
  A merfolk (Lair:2)
  3 trolls
  A polar bear (Lair:1)
  4 tyrant leeches
  23 blink frogs
  2 shadows (D:10)
  45 yaks
  6 wraiths
  4 wyverns
  A dire elephant simulacrum (IceCv)
  3 basilisks
  4 large abominations (D:9)
  5 hogs (Lair:4)
  7 vampire mosquitoes
  8 minotaur simulacra (IceCv)
  2 harpy simulacra (IceCv)
  A hydra simulacrum (IceCv)
  An acid dragon (D:10)
  17 nagas
  17 water moccasins
  Duvessa (D:7)
  2 orc warriors
  2 black bears
  2 ettin simulacra (IceCv)
  An alligator simulacrum (IceCv)
  3 ice beasts
  2 ogres
  16 wolves
  A lemure (D:5)
  2 centaurs
  13 deep troll simulacra (IceCv)
  4 elf zombies (Ossuary)
  A necrophage (D:6)
  18 bullfrogs
  3 gnoll sergeants
  A scorpion (D:5)
  7 small abominations (D:9)
  4 wights (D:8)
  Dowan (D:7)
  27 killer bees
  2 howler monkeys (D:12)
  2 electric eels
  2 human zombies (Ossuary)
  4 centaur zombies (Ossuary)
  A hound (D:7)
  2 orc priests (D:4)
  2 gnoll boudas
  5 jellies
  2 iguanas (D:5)
  7 orc wizards
  3 mummies (Ossuary)
  10 adders
  31 gnolls
  A shadow imp (D:5)
  A worm (D:4)
  4 dart slugs
  36 orcs
  9 endoplasms
  4 giant cockroaches
  5 goblins
  7 hobgoblins
  2 quokkas
  5 ball pythons
  A bat (D:2)
  2 frilled lizards
  2 goblin skeletons (D:4)
  6 kobolds
  6 rats
592 creatures vanquished.

Vanquished Creatures (collateral kills)
  A naga (Snake:2)
1 creature vanquished.

Vanquished Creatures (others)
  A naga warrior (Snake:3)
  28 fungi
  145 plants
174 creatures vanquished.

Grand Total: 767 creatures vanquished

Notes
Turn   | Place    | Note
-------+----------+-------------------------------------------
     0 | D:1      | holysushi the Meteoran Earth Elementalist began the quest
                  | for the Orb.
     0 | D:1      | Reached XP level 1. HP: 14/14 MP: 5/5
    77 | D:1      | Reached skill level 1 in Fighting
    95 | D:1      | Reached XP level 2. HP: 21/23 MP: 3/6
   252 | D:1      | Reached XP level 3. HP: 26/29 MP: 6/8
   447 | D:2      | Learned a level 2 spell: Passwall
   482 | D:2      | Reached XP level 4. HP: 33/36 MP: 9/11
   555 | D:2      | Found a bloodstained altar of Trog.
   668 | D:3      | Reached skill level 5 in Spellcasting
   668 | D:3      | Reached XP level 5. HP: 41/41 MP: 8/13
   948 | D:4      | Found a snail-covered altar of Cheibriados.
  1009 | D:4      | Noticed a black bear
  1019 | D:4      | Killed a black bear
  1020 | D:4      | Reached XP level 6. HP: 39/48 MP: 9/14
  1115 | D:4      | Reached XP level 7. HP: 25/55 MP: 7/15
  1120 | D:4      | Got Qaoche's Precepts of Beckoning and Chilblains
  1213 | D:4      | Found a runed translucent door.
  1213 | D:4      | Found a basalt altar of Yredelemnul.
  1213 | D:4      | Noticed a human
  1404 | D:4      | Reached skill level 5 in Dodging
  1451 | D:5      | Entered Level 5 of the Dungeon
  1457 | D:5      | Noticed Pikel
  1475 | D:4      | Killed Pikel
  1476 | D:4      | Reached XP level 8. HP: 24/61 MP: 6/16
  1796 | D:5      | Found the ring of the Hare {EV+10}
  1818 | D:5      | Gained mutation: You passively map the area around you.
                  | [Meteoran growth]
  1818 | D:5      | Reached XP level 9. HP: 59/67 MP: 14/17
  1846 | D:6      | Reached skill level 10 in Dodging
  1870 | D:6      | Found a runed translucent gate.
  1871 | D:6      | Found a runed translucent gate.
  1871 | D:6      | Found an opulent altar of Gozag.
  1872 | D:6      | Found a runed translucent gate.
  1873 | D:6      | Noticed zazu2006's ghost (novice NaHW)
  2023 | D:6      | Found a glowing golden altar of the Shining One.
  2080 | D:6      | Found a blossoming altar of Fedhas.
  2217 | D:6      | Found a staircase to the Ecumenical Temple.
  2226 | Temple   | Entered the Ecumenical Temple
  2258 | Temple   | Became a worshipper of Qazlal Stormbringer
  2344 | D:7      | Noticed Dowan
  2345 | D:7      | Noticed Duvessa
  2375 | D:7      | Killed Duvessa
  2380 | D:7      | Killed Dowan
  2440 | D:7      | Found a sand-covered staircase.
  2446 | Ossuary  | Entered an ossuary
  2485 | Ossuary  | Reached skill level 5 in Fighting
  2544 | Ossuary  | Reached XP level 10. HP: 77/81 MP: 13/18
  2786 | D:7      | Learned a level 4 spell: Petrify
  2792 | D:7      | Learned a level 5 spell: Lee's Rapid Deconstruction
  2806 | D:7      | Reached skill level 5 in Maces & Flails
  2843 | D:7      | Reached * piety under Qazlal
  3036 | D:8      | Learned a level 6 spell: Iron Shot
  3182 | D:8      | Found an ornate altar of the Wu Jian Council.
  3208 | D:8      | Found a sacrificial altar of Ru.
  3209 | D:8      | Found a shimmering altar of Xom.
  3299 | D:8      | Found Echeicri's Jewellery Shoppe.
  3307 | D:8      | Noticed a two-headed ogre
  3324 | D:8      | Killed a two-headed ogre
  3324 | D:8      | Reached ** piety under Qazlal
  3325 | D:8      | Reached skill level 10 in Maces & Flails
  3448 | D:9      | Reached XP level 11. HP: 76/86 MP: 19/19
  3526 | D:9      | You fall into a shaft and drop 3 floors!
  3770 | D:12     | Noticed Josephine
  3772 | D:12     | Noticed a two-headed ogre
  3817 | D:12     | Killed Josephine
  3818 | D:12     | Reached skill level 5 in Invocations
  3831 | D:12     | Killed a two-headed ogre
  3876 | D:12     | Noticed a two-headed ogre
  3886 | D:12     | Killed a two-headed ogre
  3948 | D:11     | Noticed a green ugly thing
  3966 | D:11     | Killed a green ugly thing
  3967 | D:11     | Reached skill level 10 in Fighting
  3967 | D:11     | Reached XP level 12. HP: 106/106 MP: 20/20
  4077 | D:11     | Noticed a two-headed ogre
  4095 | D:11     | Killed a two-headed ogre
  4107 | D:11     | Noticed a two-headed ogre
  4124 | D:11     | Killed a two-headed ogre
  4149 | D:10     | Entered Level 10 of the Dungeon
  4274 | D:9      | Reached *** piety under Qazlal
  4447 | D:9      | Noticed Erolcha
  4463 | D:9      | Reached skill level 1 in Evocations
  4495 | D:9      | Killed Erolcha
  4623 | D:9      | Noticed a wizard
  4636 | D:9      | Killed a wizard
  4701 | D:9      | Noticed a large abomination
  4716 | D:9      | Killed a large abomination
  4765 | D:9      | Got the Lectures on Arcane Weapons
  4767 | D:9      | Identified the +4 ring mail of the Good {rElec rN+ Dex-5}
  4895 | D:10     | Found a burning altar of Makhleb.
  5018 | D:10     | Reached skill level 10 in Earth Magic
  5042 | D:10     | Reached skill level 5 in Evocations
  5101 | D:10     | Noticed a two-headed ogre
  5113 | D:10     | Killed a two-headed ogre
  5114 | D:10     | Reached XP level 13. HP: 113/113 MP: 21/21
  5334 | D:11     | Found a staircase to the Lair.
  5416 | D:11     | Found Quocrat's Antique Weapon Boutique.
  5428 | D:11     | Reached skill level 1 in Armour
  5445 | D:11     | Bought a fine short sword for 256 gold pieces
  5445 | D:11     | Identified the +3 short sword "Orb Guardian's Doom" {spect,
                  | *Rage +Blink rF+++ Dex+2} (You bought it in a shop on level
                  | 11 of the Dungeon)
  5445 | D:11     | Noticed Erica
  5459 | D:11     | Killed Erica
  5460 | D:11     | Reached skill level 4 in Armour
  5515 | D:11     | Reached skill level 5 in Armour
  5535 | D:11     | Reached **** piety under Qazlal
  5536 | D:11     | Reached skill level 6 in Armour
  5547 | D:11     | Noticed Nergalle
  5562 | D:11     | Killed Nergalle
  5563 | D:11     | Reached skill level 7 in Armour
  5579 | D:11     | Noticed a two-headed ogre
  5587 | D:11     | Killed a two-headed ogre
  5588 | D:11     | Reached skill level 8 in Armour
  5590 | D:11     | Noticed a two-headed ogre
  5608 | D:11     | Killed a two-headed ogre
  5609 | D:11     | Reached skill level 9 in Armour
  5610 | D:11     | Reached skill level 10 in Armour
  5785 | Lair:1   | Entered Level 1 of the Lair of Beasts
  5887 | Lair:1   | Reached skill level 11 in Armour
  5915 | Lair:1   | Noticed Fannar
  5970 | Lair:1   | Killed Fannar
  5971 | Lair:1   | Reached skill level 12 in Armour
  6042 | Lair:1   | Reached skill level 13 in Armour
  6398 | Lair:2   | Reached skill level 14 in Armour
  6471 | Lair:2   | Reached skill level 15 in Armour
  6491 | Lair:2   | Found a staircase to the Snake Pit.
  6718 | Lair:2   | Reached skill level 16 in Armour
  6742 | Lair:2   | Reached ***** piety under Qazlal
  6753 | Lair:2   | Found a staircase to the Shoals.
  6769 | Lair:2   | Reached XP level 14. HP: 103/121 MP: 22/22
  7095 | Lair:3   | Reached skill level 17 in Armour
  7424 | Lair:4   | Identified the +1 chain mail of the Devil {rCorr}
  7711 | Lair:4   | Upgraded the game from 0.30-a0-652-gcc886f7154 to
                  | 0.30-a0-672-gc3a7216ad8
  7852 | Lair:4   | Found a runed translucent door.
  7855 | Lair:4   | Found a staircase to the Slime Pits.
  8018 | Lair:5   | Entered Level 5 of the Lair of Beasts
  8018 | Lair:5   | Noticed Kirke
  8029 | Lair:5   | Noticed Snorg
  8065 | Lair:5   | Noticed Urug
  8083 | Lair:4   | Killed Kirke
  8141 | Lair:4   | Reached XP level 15. HP: 106/134 MP: 23/23
  8379 | Lair:4   | Reached skill level 10 in Invocations
  8488 | Lair:4   | Killed Snorg
  8588 | Lair:4   | Killed Urug
  8945 | Lair:5   | Identified the +1 leather armour of Melancholy {-Cast Harm
                  | rC+++ rCorr}
  9017 | Lair:5   | Identified the +1 scale mail of Lust {MP+9 Str+3}
  9204 | Snake:1  | Entered Level 1 of the Snake Pit
  9451 | Snake:2  | Found a transporter.
  9456 | Snake:2  | Found a transporter.
  9530 | Snake:2  | Reached XP level 16. HP: 67/141 MP: 18/27
  9885 | Snake:1  | Found Fuept's General Store.
  9887 | Snake:1  | Found Apnaa's Antique Weapon Boutique.
  9889 | Snake:1  | Found Jasovih's Weapon Shop.
  9893 | Snake:1  | Bought a scroll of blinking for 105 gold pieces
  9893 | Snake:1  | Bought a scroll of blinking for 105 gold pieces
  9893 | Snake:1  | Bought a scroll of identify for 28 gold pieces
 10018 | Snake:2  | Reached skill level 15 in Maces & Flails
 10187 | Snake:2  | Found Meduy's Jewellery Shoppe.
 10194 | Snake:2  | Bought an amulet of reflection for 420 gold pieces
 10212 | Snake:2  | Noticed Asterion
 10243 | Snake:2  | Killed Asterion
 10312 | Snake:2  | Reached skill level 1 in Shields
 10455 | Snake:4  | Entered Level 4 of the Snake Pit
 10495 | Snake:3  | Reached skill level 5 in Shields
 10568 | Snake:3  | Found a frozen archway.
 10596 | IceCv    | Entered an ice cave
 10877 | IceCv    | Reached XP level 17. HP: 113/148 MP: 28/28
 11062 | IceCv    | Reached ****** piety under Qazlal
 11143 | IceCv    | Glimpsed the power of Zot.
 11157 | IceCv    | Noticed an Ice Fiend
 11174 | IceCv    | Mangled by an Ice Fiend

Illustrated notes

Levels and vault maps discovered:
D:1:      spicycebolla_arrival_risky_transporter, layout_loops_cross
D:2:      layout_basic, basic_altar
D:3:      minmay_skewed_foursquare, layout_rooms,
          nicolae_dithmenos_through_a_glass_darkly
D:4:      layout_basic, kennysheep_slug_shrine, dk_yredelemnul_ordeal
D:5:      layout_rooms, uniq_pikel
D:6:      layout_cave_pods, mainiacjoe_overflow_chevrons, fedhas_altar_4,
          minmay_temple_entry_nine_rooms, ebering_ghost_gozag
D:7:      layout_basic, nicolae_ossuary_entry_plus, uniq_duvessa
D:8:      layout_gridville, grunt_temple_overflow_open, serial_shops,
          nicolae_shop_statue_plus
D:9:      layout_loops_ring, minivault_10, hangedman_weighted_door, laboratory,
          uniq_erolcha
D:10:     layout_small_grid, kennysheep_mini, nicolae_two_hexagons,
          hangedman_decor_riveting, grunt_ministairs_3
D:11:     layout_long_grid, lair_entry_dummy, serial_shops, shop, uniq_nergalle,
          uniq_erica
D:12:     layout_grid_maze, orc_0_dummy, uniq_josephine
Temple:   compressed_dpeg_triangle_lava_temple
Lair:1:   layout_roguey, uniq_fannar
Lair:2:   layout_cave_pods, elwin_shoals_entry_stream,
          minmay_snake_entry_guardpost_small, minmay_lindwurm_lava
Lair:3:   dreamdust_cave_troll, layout_chaotic_city,
          chequers_serial_rivers_micro_e, nzn_random_ring,
          infiniplex_staircase_pool, lemuel_fruit_fields
Lair:4:   layout_gridlike, slime_entry_2, special_room [special_room_bee],
          gammafunk_lair_bear_cave, lemuel_fruit_tree, serial_bayou_shore_a
Lair:5:   minmay_lair_end_frog_pond, layout_loops_ring, serial_forest,
          infiniplex_forest_lined_3_way, infiniplex_forest_clump_large,
          infiniplex_forest_clump_diagonal, infiniplex_forest_straight_5,
          infiniplex_forest_straight_2, infiniplex_forest_clump_curved,
          uniq_urug, uniq_kirke, uniq_snorg
Snake:1:  layout_grid_maze, minmay_shop_star
Snake:2:  gammafunk_the_bubble [the_bubble_gammafunk_crates], layout_chambers,
          serial_shops, nicolae_shop_advertising_works
          [nicolae_subvault_shop_adworks], uniq_asterion
Snake:3:  layout_cave_pods, portal_ice_cave_entry_frozen_things,
          nicolae_snake_snakewalk
Snake:4:  snake_pit, layout_onion, gammafunk_ghost_necromancy,
          grunt_megastairs_3
IceCv:    ice_cave_caverns_03

Skill      XL: |  1  2  3  4  5  6  7  8  9 10 11 12 13 14 15 16 17 |
---------------+----------------------------------------------------+-----
Fighting       | 1 2 5 10 12 | 12.7
Spellcasting   | 3 4 5 |  5.0
Earth Magic    | 6 10 11 | 11.6
Dodging        | 3 8 9 11 13 14 | 14.1
Maces & Flails | 2 11 12 13 15 | 15.4
Invocations    | 5 7 14 | 14.6
Evocations     | 5 |  5.0
Armour         | 16 17 | 17.0
Shields        | 7 8 |  8.7
Stealth        | |  1.4
Transmutations | |  1.2

Action                   |  1- 3 |  4- 6 |  7- 9 | 10-12 | 13-15 | 16-18 || total
-------------------------+-------+-------+-------+-------+-------+-------++-------
Melee: Unarmed           |     4 |     4 |       |       |       |       ||     8
       Dagger            |       |     3 |    13 |       |       |       ||    16
       Whip              |       |       |    96 |   737 |  1771 |   568 ||  3172
       Punch             |       |       |     2 |    21 |    22 |     5 ||    50
       Eveningstar       |       |       |       |       |       |   282 ||   282
 Cast: Sandblast         |    40 |    73 |   129 |    50 |     1 |       ||   293
       Passwall          |     2 |     4 |     7 |    12 |     6 |       ||    31
       Petrify           |       |       |       |       |     2 |       ||     2
Invok: Upheaval          |       |       |       |       |     5 |     1 ||     6
       Disaster Area     |       |       |       |       |     2 |     1 ||     3
Evoke: Wand              |       |       |     2 |     1 |     7 |     2 ||    12
       Phantom mirror    |       |       |       |       |       |     2 ||     2
  Use: Scroll            |       |       |    13 |     8 |     9 |     4 ||    34
       Potion            |       |       |       |       |     5 |     4 ||     9
 Stab: Distracted        |       |       |       |       |       |     2 ||     2
       Paralysed         |       |       |       |       |       |     2 ||     2
Armor: Robe              |     5 |    19 |    28 |    34 |     1 |       ||    87
       Plate armour      |       |       |       |       |    80 |       ||    80
       Scale mail        |       |       |       |       |    25 |       ||    25
       Troll leather arm |       |       |       |       |   130 |    51 ||   181
Dodge: Dodged            |    13 |    49 |   224 |   460 |  1536 |   537 ||  2819
       Repelled          |       |       |       |       |    12 |    20 ||    32
Block: Other             |       |       |       |    44 |   449 |   111 ||   604
       Kite shield       |       |       |       |       |       |   481 ||   481
       Reflection        |       |       |       |       |       |    10 ||    10

Table legend: (Time is in decaauts)
 A = Elapsed time spent in this place.
 B = Non-inter-level travel time spent in this place.
 C = Inter-level travel time spent in this place.
 D = Time resting spent in this place.
 E = Time spent auto-exploring this place.
 F = Levels seen in this place.
 G = Mean time per level.
                   A        B        C        D        E       F      G
               +--------+--------+--------+--------+--------+-----+--------+
         Total |   9802 |   9558 |    244 |      0 |     14 |  24 |  408.4 |
       Dungeon |   5253 |   5111 |    142 |      0 |     14 |  12 |  437.8 |
        Temple |     42 |     42 |      0 |      0 |      0 |   1 |   42.0 |
          Lair |   2662 |   2560 |    102 |      0 |      0 |   5 |  532.4 |
     Snake Pit |   1094 |   1094 |      0 |      0 |      0 |   4 |  273.5 |
       Ossuary |    220 |    220 |      0 |      0 |      0 |   1 |  220.0 |
      Ice Cave |    529 |    529 |      0 |      0 |      0 |   1 |  529.0 |
               +--------+--------+--------+--------+--------+-----+--------+

Top non-repeatable levels by time:
  Lair:4: 889 daAuts
 Snake:2: 651 daAuts
    D:11: 631 daAuts
     D:4: 623 daAuts
     D:9: 606 daAuts
   IceCv: 529 daAuts
     D:7: 512 daAuts
  Lair:1: 498 daAuts
    D:10: 487 daAuts
  Lair:3: 454 daAuts
     D:6: 422 daAuts
  Lair:5: 410 daAuts
  Lair:2: 407 daAuts
     D:1: 376 daAuts
     D:8: 368 daAuts
